[Event "*** Titled Tuesday Blitz"]
[Site "Chess.com"]
[Date "2020.10.27"]
[Round "1"]
[White "SergeyKarjakin"]
[Black "bazar-wokzal"]
[Result "1-0"]
[WhiteElo "3002"]
[BlackElo "2487"]
[TimeControl "180+1"]
[EndTime "10:06:30 PDT"]
[Termination "SergeyKarjakin won on time"]

1. b3 e5 2. Bb2 Nc6 3. e3 d5 4.
Bb5 Bd6 5. Nf3 Qe7 6. d4 e4 7. Ne5 Bd7 8. Bxc6 bxc6 9. c4 f6 10. Nxd7 Qxd7 11. Nc3 Bb4 12. O-O Bxc3 13. Bxc3 Ne7 14.
Bb4 O-O 15. cxd5 cxd5 16. Rc1 Rf7 17. Bxe7 Rxe7 18. Rc5 c6 19. Qc2 Re6 20. Rc1 Rc8 21. b4 a6 22. g3 f5 23. Qa4 Rh6 24. h4 Qb7 25. Kf1 g5 26. hxg5 Rh1+ 27. Kg2 Rxc1 28. Rxc1 Kg7 29. Rh1 Rb8 30. Rh6 Qb5 31. Qd1 Rh8 32.
Qh5 Qxb4 33. Rxc6 Qe7 34. Qh6+ 1-0

[Event "*** Titled Tuesday Blitz"]
[Site "Chess.com"]
[Date "2020.10.27"]
[Round "1"]
[White "swimmerchess"]
[Black "Snegokhod"]
[Result "1-0"]
[WhiteElo "2806"]
[BlackElo "2416"]
[TimeControl "180+1"]
[EndTime "10:06:35 PDT"]
[Termination "swimmerchess won by resignation"]

1. e4 c5 2. Nf3 d6 3. d4 cxd4 4.
Nxd4 Nf6 5. Nc3 a6 6. Bg5 Nbd7 7.
Bc4 Ne5 8. Bb3 e6 9. f4 Ng6 10. f5 exf5 11. exf5 Ne5 12. Qe2 Be7 13. O-O-O O-O 14. Rhe1 Bd7 15. h3 Re8 16. g4 b5 17.
Qg2 Nc4 18. Re2 Rc8 19. Rde1 Bf8 20. Nd5 Rxe2 21. Qxe2 a5 22. Ne6 fxe6 23. fxe6 Qe8 24. exd7 Qxe2 25. Nxf6+ gxf6 26. Rxe2 Rd8 27. Re8 Rxd7 28.
Bh6 Rf7 29. a4 d5 30. axb5 Nb6 31. c3 f5 32. Be3 Nc4 33. Bxc4 dxc4 34. Bh6 f4 35. Rxf8+ Rxf8 36. Bxf8 Kxf8 37. b6 f3 38. b7 f2 39. b8=Q+ 1-0

[Event "*** Titled Tuesday Blitz"]
[Site "Chess.com"]
[Date "2020.10.27"]
[Round "1"]
[White "ENajer77"]
[Black "zmeeed67"]
[Result "1-0"]
[WhiteElo "2690"]
[BlackElo "2348"]
[TimeControl "180+1"]
[EndTime "10:06:35 PDT"]
[Termination "ENajer77 won by resignation"]

1. e4 Nc6 2. Nf3 d6 3. d4 Nf6 4. Nc3 Bg4 5. Bb5 a6 6. Bxc6+ bxc6 7. h3 Bc8 8. O-O e6 9. Re1 Be7 10. e5 Nd5 11. Ne4 h6 12. c4 Nb6 13. b3 d5 14.
Ng3 c5 15. dxc5 Bxc5 16. Nh5 O-O 17. Bxh6 gxh6 18. Qc1 Kh7 19. Qf4 Be7 20. Rad1 Bb7 21. Nf6+ Bxf6 22. exf6 Rg8 23. Ne5 c6 24. Nxf7 Qf8 25.
Rxe6 Qxf7 26. Re7 Raf8 27. Qc7 Kg6 28. Rxf7 Rxf7 29. Qxb6 dxc4 30. bxc4 c5 31. f3 Kh7 32. Kf2 Rg6 33. Rd6 Bc8 34. Qxc5 Bb7 35. Qf5 1-0

[Event "*** Titled Tuesday Blitz"]
[Site "Chess.com"]
[Date "2020.10.27"]
[Round "1"]
[White "nrvisakh"]
[Black "BanjoKazooieN64"]
[Result "1-0"]
[WhiteElo "2666"]
[BlackElo "2322"]
[TimeControl "180+1"]
[EndTime "10:06:35 PDT"]
[Termination "nrvisakh won by resignation"]

1. e4 e5 2. Nf3 Nc6 3. Bb5 f5 4. d3 fxe4 5. dxe4 Nf6 6. O-O Bc5 7. Qe2 Nd4 8. Nxd4 Bxd4 9. c3 Bb6 10. a4 c6 11. Bc4 d6 12. Be3 Bxe3 13. Qxe3 Qe7 14. Na3 Be6 15. Rad1 O-O 16. Rd2 d5 17. exd5 cxd5 18.
Ba2 Ne4 19. Rxd5 Qh4 20. g3 Qh3 21. Qxe4 Rf4 22. gxf4 exf4 23. Re1 Re8 24. Re5 f3 25. Rg5 h6 26. Bxe6+ Rxe6 27. Qxe6+ 1-0

[Event "*** Titled Tuesday Blitz"]
[Site "Chess.com"]
[Date "2020.10.27"]
[Round "1"]
[White "Ural_bogatyr"]
[Black "KaterynaLagno"]
[Result "0-1"]
[WhiteElo "2359"]
[BlackElo "2709"]
[TimeControl "180+1"]
[EndTime "10:06:36 PDT"]
[Termination "KaterynaLagno won on time"]

1. e4 e5 2. Nf3 Nc6 3. Bb5 g6 4. Nc3 Bg7 5. d4 Nxd4 6. Nxd4 exd4 7. Ne2 c6 8. Bc4 Qa5+ 9. Bd2 Qc5 10. Bb3 Nf6 11. O-O Nxe4 12. Ng3 d5 13. Qe1 Qe7 14.
Bb4 c5 15. Bxd5 cxb4 16. Bxe4 O-O 17. Qd2 Be6 18. Rfe1 Rfd8 19. Qf4 Rac8 20. Qf3 Rc7 21. a3 a6 22. a4 Qd7 23. h3 h5 24. b3 h4 25. Ne2 Bd5 26. Nf4 Bxe4 27. Qxe4 Qc6 28. Rac1 Qxe4 29. Rxe4 d3 30. Rd1 d2 0-1

[Event "*** Titled Tuesday Blitz"]
[Site "Chess.com"]
[Date "2020.10.27"]
[Round "1"]
[White "m-garcett"]
[Black "WuinaterJr"]
[Result "0-1"]
[WhiteElo "2045"]
[BlackElo "2520"]
[TimeControl "180+1"]
[EndTime "10:06:36 PDT"]
[Termination "WuinaterJr won on time"]

1. e4 c5 2. Nf3 d6 3. d4 cxd4 4. Nxd4 Nf6 5. Nc3 a6 6. Nb3 e6 7. g4 Be7 8. Bg2 Nc6 9. h4 Qc7 10. Be3 b5 11. g5 Nd7 12. Qe2 Bb7 13. O-O-O Nb6 14. f4 Nc4 15. Bf2 Rc8 16. f5 N6e5 17. Nd4 Nxb2 18. Ncxb5 Nbd3+ 19. Rxd3 Nxd3+ 20. Qxd3 axb5 21. fxe6 O-O 22. exf7+ Rxf7 23. Nf5 Rxf5 24. exf5 Bxg2 25. Rg1 Bb7 26. f6 Bf8 27. Bd4 Qc4 28. Qf5 Qxd4 29. Qe6+ Kh8 30. Rd1 Qf4+ 31. Kb1 Qb4+ 32. Kc1 Qc3 33. Qf5 g6 34. Qd3 Qxd3 35. Rxd3 Be4 36. Rb3 Bxc2 0-1

[Event "*** Titled Tuesday Blitz"]
[Site "Chess.com"]
[Date "2020.10.27"]
[Round "1"]
[White "mishanick"]
[Black "tvjosue"]
[Result "1-0"]
[WhiteElo "3004"]
[BlackElo "2491"]
[TimeControl "180+1"]
[EndTime "10:06:37 PDT"]
[Termination "mishanick won by resignation"]

1. d4 Nf6 2. c4 e6 3. Nf3 b6 4. g3 Ba6 5. Qc2 Bb4+ 6. Bd2 Bxd2+ 7. Nbxd2 d5 8. Bg2 O-O 9. O-O c6 10. e4 dxe4 11. Ng5 Qxd4 12. Ngxe4 Nxe4 13. Bxe4 h6 14. Rfd1 Qf6 15. Nf3 Bb7 16. Rd2 Na6 17. Rad1 Nc5 18. b4 Nxe4 19. Qxe4 Rfd8 20. Rd7 Rxd7 21.
Rxd7 Rb8 22. Ne5 c5 23. Qe1 cxb4 24. Rxf7 Qg5 25. h4 Qd8 26. Rd7 Qf6 27. Rf7 Qd8 28.
Qe2 Qd4 29. Kh2 Rf8 30. Rxf8+ Kxf8 31. f3 a5 32. Ng6+ Kf7 33. Ne5+ Kf8 34. h5 a4 35.
Ng6+ Kf7 36. Nf4 e5 37. Ng6 e4 38. fxe4 Qxe4 39. Qf2+ Qf3 40. Ne5+ 1-0

[Event "*** Titled Tuesday Blitz"]
[Site "Chess.com"]
[Date "2020.10.27"]
[Round "1"]
[White "Sergey85Rodchenkov"]
[Black "Gabrielian_Artur"]
[Result "1-0"]
[WhiteElo "2440"]
[BlackElo "2803"]
[TimeControl "180+1"]
[EndTime "10:06:37 PDT"]
[Termination "Sergey85Rodchenkov won by resignation"]

1. e4 c5 2. Nf3 d6 3. d4 cxd4 4. Nxd4 Nf6 5. Nc3 Nc6 6. Bc4 Qb6 7. Ndb5 a6 8. Be3 Qd8 9. Nd4 e6 10. Bb3 Be7 11. O-O O-O 12. f4 Bd7 13. f5 Nxd4 14. Qxd4 e5 15. Qd3 h6 16. Rad1 Bc6 17. Nd5 Bxd5 18.
Bxd5 Qc7 19. c3 Rab8 20. h3 b5 21. Rf2 Bd8 22. Kh2 Qe7 23. Rf3 Bb6 24. Bc1 Kh8 25.
Qe2 a5 26. Rfd3 Bc5 27. g4 Nh7 28. Kg3 b4 29. c4 a4 30. h4 f6 31. Kh3 Rfd8 32. Rg3 b3 33. a3 Bd4 34. Rh1 Rdc8 35. g5 Qf8 36. Rh2 Rc5 37. gxh6 gxh6 38. Rhg2 Rxd5 39.
cxd5 Qf7 40. Bxh6 Rb7 41. Qg4 1-0

[Event "*** Titled Tuesday Blitz"]
[Site "Chess.com"]
[Date "2020.10.27"]
[Round "1"]
[White "Shubinkirill2003"]
[Black "sopo-tereladze"]
[Result "1-0"]
[WhiteElo "2669"]
[BlackElo "2328"]
[TimeControl "180+1"]
[EndTime "10:06:37 PDT"]
[Termination "Shubinkirill2003 won by resignation"]

1. e4 e5 2. Nf3 Nc6 3. Bb5 a6 4. Ba4 Nf6 5. O-O Be7 6. Re1 b5 7. Bb3 O-O 8. c3 d5 9. d3 Bg4 10. Nbd2 d4 11. h3 Bh5 12. Qc2 Qd6 13. cxd4 Nxd4 14.
Nxd4 Qxd4 15. Nf1 c5 16. Ne3 Bg6 17. Nd5 Nxd5 18. Bxd5 Rad8 19. Be3 Qb4 20. Bd2 Qa4 21. Qxa4 bxa4 22. Rec1 Kh8 23. Be3 Rc8 24. Rc4 f6 25.
Rxa4 Rb8 26. b3 Be8 27. Rxa6 Bb5 28. Ra7 Bd6 29. Rc1 Rfc8 30. Be6 Re8 31. Bd7 Re7 32.
Bxc5 Bxc5 33. Rxc5 Rxd7 34. Rxb5 Rdd8 35. Rbb7 Rxb7 36. Rxb7 h6 37. a4 Rxd3 38. a5 Rd1+ 39. Kh2 Ra1 40. b4 1-0

[Event "*** Titled Tuesday Blitz"]
[Site "Chess.com"]
[Date "2020.10.27"]
[Round "1"]
[White "Kazmin_Dmitrij"]
[Black "GjakanTati"]
[Result "0-1"]
[WhiteElo "2263"]
[BlackElo "2604"]
[TimeControl "180+1"]
[EndTime "10:06:37 PDT"]
[Termination "GjakanTati won by resignation"]

1. e4 e5 2. Nf3 Nc6 3. Bb5 Nf6 4. O-O Nxe4 5. d4 Nd6 6. Bxc6 dxc6 7. dxe5 Nf5 8. Qxd8+ Kxd8 9. Nc3 Ke8 10. b3 Bb4 11.
Bb2 Bxc3 12. Bxc3 h6 13. Nd4 Ne7 14. f4 a6 15. Rae1 c5 16. Ne2 Be6 17. Ng3 g6 18. Bb2 Kd7 19. c4 Kc6 20. Ne4 a5 21. a4 Rhd8 22. Rd1 Bf5 23. Nf6 Bc2 24. Rxd8 Rxd8 25. Rf3 Rd2 26. Bc3 Re2 27. Bxa5 Nf5 28. g4 Nd4 29. Rf2 Re3 30. Nd5 Rxb3 31. Bxc7 Rb1+ 32. Kg2 Be4+ 33. Kh3 Rb3+ 34. Kh4 Nf3+ 35. Rxf3 Bxf3 36. Bd8 Bg2 37. g5 h5 38. Ne3 Rxe3 0-1

[Event "*** Titled Tuesday Blitz"]
[Site "Chess.com"]
[Date "2020.10.27"]
[Round "1"]
[White "kreonx"]
[Black "sjam6687"]
[Result "0-1"]
[WhiteElo "2354"]
[BlackElo "2706"]
[TimeControl "180+1"]
[EndTime "10:06:38 PDT"]
[Termination "sjam6687 won on time"]

1. e4 e5 2. Nf3 Nc6 3. Bc4 Nf6 4. d3 Be7 5. c3 O-O 6. h3 d5 7. exd5 Nxd5 8. O-O Nb6 9. Bb3 Kh8 10. Be3 f5 11. Bc2 Be6 12. Qe2 Bd6 13. Na3 Bxa3 14. bxa3 Qf6 15. Bg5 Qg6 16. Bh4 Rae8 17. Bg3 f4 18. d4 Qh6 19. Bh4 Bc4 20. Qe4 Bxf1 21. Bg5 Qg6 22. Qxg6 hxg6 23. Kxf1 e4 24. Nh4 Kh7 25.
Re1 Nc4 26. Re2 Nxa3 27. Bxe4 Rxe4 28. Rxe4 Nb1 29. Bxf4 Nxc3 30. Re6 Rxf4 31. Nxg6 Rxd4 32. Nf8+ Kg8 33. Re8 Kf7 0-1

[Event "*** Titled Tuesday Blitz"]
[Site "Chess.com"]
[Date "2020.10.27"]
[Round "1"]
[White "r31415"]
[Black "Infernal_XaM"]
[Result "0-1"]
[WhiteElo "2451"]
[BlackElo "2858"]
[TimeControl "180+1"]
[EndTime "10:06:39 PDT"]
[Termination "Infernal_XaM won by resignation"]

1. e4 e5 2. Nf3 Nc6 3. Bc4 Nf6 4. d3 h6 5. c3 d6 6. O-O g5 7. Nbd2 Bg7 8. Re1 O-O 9. Nf1 d5 10. exd5 Nxd5 11. Ng3 Nf4 12. Be3 a6 13. d4 exd4 14. cxd4 Bg4 15. d5 Bxf3 16. Qxf3 Ne5 17. Qe4 Nxc4 18. Qxc4 Qxd5 19. Qxd5 Nxd5 20. Nf5 Rfe8 21.
Rad1 c6 22. Kf1 Bxb2 23. Rb1 Bc3 24. Red1 Nxe3+ 25. fxe3 b5 26. Nxh6+ Kg7 27. Nf5+ Kg6 28. g4 Re6 29. Rd3 b4 30. Rbd1 a5 31. Rd6 Bf6 32. Rd7 a4 33. Rb7 b3 34. a3 Rc8 35. Rdd7 Rf8 36. Ke2 c5 37. Kd3 c4+ 38.
Kxc4 Re4+ 39. Kd5 Rxg4 40. e4 Rg2 41. Nd6 Rd2+ 42. Kc6 Be5 43. Nxf7 Rc2+ 44. Kb5 Bf6 45. Kxa4 b2 46. e5 Ra8+ 47. Ra7 Rxa7+ 48. Rxa7 b1=Q 0-1

[Event "*** Titled Tuesday Blitz"]
[Site "Chess.com"]
[Date "2020.10.27"]
[Round "1"]
[White "gui_borba"]
[Black "kuli4ik"]
[Result "0-1"]
[WhiteElo "2458"]
[BlackElo "2883"]
[TimeControl "180+1"]
[EndTime "10:06:40 PDT"]
[Termination "kuli4ik won by resignation"]

1. e4 e6 2. d4 d5 3. Nd2 a6 4. Ngf3 c5 5. dxc5 Bxc5 6. Bd3 Nc6 7.
O-O Nf6 8. Qe2 h6 9. exd5 Nxd5 10. Ne4 Be7 11. Rd1 Qc7 12. a3 Nf4 13. Bxf4 Qxf4 14. c4 O-O 15. b4 Rd8 16. c5 e5 17. Bc4 Bg4 18. h3 Rxd1+ 19. Rxd1 Nd4 20. Qe3 Nxf3+ 21.
gxf3 Bxf3 22. Qxf4 exf4 23. Rd7 Kf8 24. Nd6 Rd8 25.
Rxd8+ Bxd8 26. Nxf7 Bf6 27. Nd6 Bb2 28. Bf1 Bxa3 29.
Bg2 Bxg2 30. Kxg2 Bxb4 31. Nxb7 Ke7 32. c6 a5 33. Kf3 a4 0-1

[Event "*** Titled Tuesday Blitz"]
[Site "Chess.com"]
[Date "2020.10.27"]
[Round "1"]
[White "LiamVrolijk"]
[Black "Artem_0degov"]
[Result "1-0"]
[WhiteElo "2821"]
[BlackElo "2426"]
[TimeControl "180+1"]
[EndTime "10:06:40 PDT"]
[Termination "LiamVrolijk won by resignation"]

1. d4 Nf6 2. c4 g6 3. Nc3 Bg7 4. e4 O-O 5. Nf3 d6 6. Be2 e5 7. O-O Nc6 8. d5 Ne7 9. b4 Nh5 10. Re1 a5 11. bxa5 Rxa5 12. Bd2 Ra8 13. a4 Nf4 14.
Bf1 h6 15. g3 Nh3+ 16. Kg2 Bg4 17. Be2 f5 18. Nxe5 dxe5 19. f3 Bh5 20. Kxh3 fxe4 21. Nxe4 Qd7+ 22. Kg2 g5 23. Qb3 Nf5 24. Nc5 Qf7 25. Ne6 Nd4 26. Nxd4 exd4 27. Ra3 Rae8 28. Bd1 Rxe1 29. Bxe1 Qe7 30. Bb4 Qf6 31. Bxf8 Bxf8 32. Ra2 Bd6 33. c5 Be5 34. Bc2 g4 35. f4 Bxf4 36.
gxf4 Qxf4 37. Qd3 g3 38. Qxg3+ 1-0

[Event "*** Titled Tuesday Blitz"]
[Site "Chess.com"]
[Date "2020.10.27"]
[Round "1"]
[White "bsnsun"]
[Black "Anton_Demchenko"]
[Result "0-1"]
[WhiteElo "2441"]
[BlackElo "2850"]
[TimeControl "180+1"]
[EndTime "10:06:41 PDT"]
[Termination "Anton_Demchenko won on time"]

1. d4 Nf6 2. c4 g6 3. Nf3 Bg7 4. Nc3 O-O 5. e4 d6 6. Be2 Nbd7 7. O-O e5 8. h3 exd4 9. Nxd4 Re8 10. f3 c6 11. Bf4 Nh5 12. Be3 f5 13. Bf2 f4 14.
Qd2 Ne5 15. Rad1 Qf6 16. Nc2 Bf8 17. b4 Be6 18. Na3 a6 19. Qc2 b5 20. cxb5 axb5 21. Nab1 Qg5 22. Kh2 Ng3 23. Rfe1 Qh4 24. Nd2 Ra3 25.
Nb3 Qf6 26. Nd4 Bf7 27. Bf1 Rea8 28. Ra1 h5 29. Nce2 Nd3 30. Nxg3 fxg3+ 0-1

[Event "*** Titled Tuesday Blitz"]
[Site "Chess.com"]
[Date "2020.10.27"]
[Round "1"]
[White "JoliyRoger"]
[Black "baki83"]
[Result "0-1"]
[WhiteElo "2413"]
[BlackElo "2803"]
[TimeControl "180+1"]
[EndTime "10:06:42 PDT"]
[Termination "baki83 won on time"]

1. Nf3 d5 2. d4 Nf6 3. c4 e6 4.
cxd5 exd5 5. Nc3 Be7 6. Bg5 O-O 7. Bxf6 Bxf6 8. e3 c6 9. Bd3 Re8 10. Qc2 g6 11. h3 Nd7 12. O-O Bg7 13. b4 a6 14. a4 Nb6 15. b5 cxb5 16. axb5 a5 17. Nd2 Qg5 18. Nf3 Qe7 19. Na4 Nxa4 20. Qxa4 Be6 21. Rac1 Qb4 22. Qa2 a4 23. Rb1 Qd6 24. Bc2 Rec8 25. Rfc1 Bf8 26. Ra1 a3 27. Ne5 Rc3 28.
Bd3 Rac8 29. Rd1 f6 30. Nf3 Qb4 31. Rab1 Qa4 32. b6 Bf7 0-1

[Event "*** Titled Tuesday Blitz"]
[Site "Chess.com"]
[Date "2020.10.27"]
[Round "1"]
[White "RD4ever"]
[Black "RobPeresian"]
[Result "1-0"]
[WhiteElo "2803"]
[BlackElo "2413"]
[TimeControl "180+1"]
[EndTime "10:06:42 PDT"]
[Termination "RD4ever won on time"]

1. e4 e5 2. Nf3 Nc6 3. Nc3 Nf6 4.
Bb5 Nd4 5. Bc4 Nxf3+ 6. gxf3 c6 7. d4 exd4 8. Qxd4 d6 9. Rg1 Qa5 10. Rg5 Qb6 11. Be3 Qxd4 12. Bxd4 h6 13. Rg1 b5 14.
Bb3 a5 15. a4 b4 16. Ne2 Be6 17. Nf4 Bxb3 18. cxb3 Nd7 19. Nh5 Ne5 20. Ke2 g6 21. Nf6+ Ke7 22. Ng4 f6 23. Ne3 Rg8 24. Rac1 1-0

[Event "*** Titled Tuesday Blitz"]
[Site "Chess.com"]
[Date "2020.10.27"]
[Round "1"]
[White "YoungUzbek"]
[Black "JozefKneht"]
[Result "1-0"]
[WhiteElo "2748"]
[BlackElo "2387"]
[TimeControl "180+1"]
[EndTime "10:06:42 PDT"]
[Termination "YoungUzbek won by resignation"]

1. d4 d5 2. Bg5 h6 3. Bh4 c6 4.
c3 Qb6 5. Qc1 Bf5 6. e3 Nd7 7.
Nf3 Ngf6 8. Be2 e6 9. O-O Be7 10. a4 O-O 11. a5 Qd8 12. a6 b5 13. Nbd2 Ne4 14. Bxe7 Qxe7 15. Nxe4 Bxe4 16. Nd2 Bg6 17. b3 Rab8 18. b4 e5 19. Nb3 Kh7 20. Qd2 f6 21. f4 Rfe8 22. fxe5 fxe5 23. Rae1 Rf8 24. Bg4 Nf6 25. Bf3 Be4 26. Nc5 Bxf3 27. Rxf3 e4 28. Rf4 Nh5 29. Rxf8 Rxf8 30. Qe2 Nf6 31. Rf1 Nd7 32. Rxf8 Nxf8 33. Qf2 g6 34. Qf4 Kg7 35. h4 g5 36. Qb8 gxh4 37. Nb7 Qg5 38. Kf2 Qf6+ 39. Qf4 Qxf4+ 40. exf4 Ne6 41. Ke3 Nc7 42. Nd8 Nxa6 43. Nxc6 Nc7 44. Nxa7 Kg6 45. Nc6 Kh5 46. Ne5 h3 47. gxh3 Kh4 48. Ng4 Ne8 49. f5 h5 50.
f6 Nd6 51. Ne5 Kxh3 52. f7 Nxf7 53. Nxf7 Kg2 54. Ng5 h4 55. c4 dxc4 56. d5 c3 57. d6 h3 58. Nxh3 Kxh3 59. d7 c2 60. Kd2 e3+ 61.
Kxc2 1-0

[Event "*** Titled Tuesday Blitz"]
[Site "Chess.com"]
[Date "2020.10.27"]
[Round "1"]
[White "Oligan22"]
[Black "Shield12"]
[Result "0-1"]
[WhiteElo "2430"]
[BlackElo "2831"]
[TimeControl "180+1"]
[EndTime "10:06:44 PDT"]
[Termination "Shield12 won by resignation"]

1. e4 c5 2. Nf3 Nc6 3. Nc3 d6 4. d4 cxd4 5. Nxd4 Nf6 6. Bg5 Bd7 7. f4 Qb6 8. Nb3 Qe3+ 9. Qe2 Ng4 10. Nd5 Qxe2+ 11.
Bxe2 Rc8 12. h3 Nf6 13. Bxf6 gxf6 14. g4 Bg7 15. O-O-O e6 16. Nc3 Ke7 17. h4 h6 18.
Nb5 Nb4 19. c3 Bxb5 20. Bxb5 a6 21. Be2 Rhd8 22. Kb1 Nc6 23. Rd2 Rc7 24. Rhd1 Bf8 25. Bf3 Ke8 26. a3 Be7 27. h5 Nb8 28. Nd4 Nd7 29.
Ne2 Nb6 30. Nd4 Nc4 31. Rd3 Rdc8 32. Bg2 Rd7 33. Bh3 Bd8 34. Kc2 Bb6 35. Kb1 Ke7 36.
a4 Rdc7 37. Bf1 Bxd4 38. Rxd4 Ne3 39. Re1 Nxg4 40. Bh3 Nf2 41. Bg2 Rg8 42. Bf3 Nh3 43. f5 Nf4 44. Red1 Rd8 45. fxe6 fxe6 46. Bg4 Rc5 47.
Kc2 Rg5 48. Bf3 Rg3 49. Bh1 Nxh5 50. R4d2 Nf4 51. e5 fxe5 52. Bxb7 a5 53. b4 Rb8 54. Bc6 axb4 55. cxb4 Rxb4 56. Bb5 d5 57. Kc1 Ra3 58. Rc2 Ra1+ 59. Kd2 Rd4+ 0-1

[Event "*** Titled Tuesday Blitz"]
[Site "Chess.com"]
[Date "2020.10.27"]
[Round "1"]
[White "Skat2704"]
[Black "suyu28"]
[Result "1-0"]
[WhiteElo "2407"]
[BlackElo "2622"]
[TimeControl "180+1"]
[EndTime "10:06:44 PDT"]
[Termination "Skat2704 won by checkmate"]

1. d4 f5 2. c4 Nf6 3. g3 g6 4.
Bg2 Bg7 5. Nh3 O-O 6. O-O d6 7. d5 c6 8. Nc3 e5 9. dxe6 Bxe6 10. Qb3 Qe7 11. Ng5 Bc8 12. Bf4 Kh8 13. Rad1 Ne8 14. Qa3 h6 15. Nf3 Rf6 16. Rfe1 g5 17. Be3 Na6 18. Bd4 Rf8 19. Bxg7+ Qxg7 20. e4 fxe4 21.
Nxe4 Bg4 22. Nxd6 Nxd6 23. Rxd6 Rf7 24. h3 Bxf3 25. Bxf3 Raf8 26. Re3 Nb8 27. Kg2 Nd7 28. Rde6 h5 29. Qd6 Nf6 30. g4 hxg4 31. hxg4 Qh7 32. Re1 Qg7 33. Rh1+ Nh7 34. Rh3 Qxb2 35. Reh6 c5 36.
Qg6 Qg7 37. Rxh7+ Qxh7 38. Rxh7+ Rxh7 39. Qxg5 Rhf7 40. Qh6+ Rh7 41. Qxf8# 1-0

[Event "*** Titled Tuesday Blitz"]
[Site "Chess.com"]
[Date "2020.10.27"]
[Round "1"]
[White "Gulkov_Igor"]
[Black "Sanan_Sjugirov"]
[Result "0-1"]
[WhiteElo "2474"]
[BlackElo "2930"]
[TimeControl "180+1"]
[EndTime "10:06:45 PDT"]
[Termination "Sanan_Sjugirov won by resignation"]

1. Nf3 c5 2. c4 Nc6 3. d4 cxd4 4.
Nxd4 Nf6 5. Nc3 e6 6. Bf4 d5 7.
cxd5 Nxd5 8. Nxc6 bxc6 9. Bd2 Rb8 10. e4 Nf6 11. Qc2 Bb4 12. Be2 O-O 13. O-O e5 14. Rfd1 Be6 15. Be3 Qa5 16. Na4 Be7 17. b3 c5 18. f3 Rfc8 19. Nb2 Qc7 20. Nc4 Nd7 21. Rac1 Nb6 22. Qc3 Nd7 23. Qa5 Qc6 24. Qc3 f6 25. Na5 Qc7 26. Bc4 Nf8 27. Bxe6+ Nxe6 28.
Qc4 Kf7 29. Qc3 Nd4 30. Nc4 Ne2+ 0-1

[Event "*** Titled Tuesday Blitz"]
[Site "Chess.com"]
[Date "2020.10.27"]
[Round "1"]
[White "poppy73"]
[Black "BogdanBelyakov89"]
[Result "0-1"]
[WhiteElo "2219"]
[BlackElo "2575"]
[TimeControl "180+1"]
[EndTime "10:06:45 PDT"]
[Termination "BogdanBelyakov89 won by resignation"]

1. e4 e5 2. Nf3 Nc6 3. Bb5 Nf6 4. d3 Bc5 5. O-O d6 6. c3 O-O 7.
d4 Bb6 8. Bg5 h6 9. Bh4 Bg4 10.
d5 Nb8 11. h3 Bxf3 12. Qxf3 g5 13. Bg3 Kg7 14. Nd2 Nbd7 15. Rfe1 a6 16. Be2 Rg8 17.
Qd3 Nf8 18. Bg4 Ng6 19. Bf5 Nf4 20. Bxf4 gxf4 21. Qf3 Kh8 22. Kh1 Rg5 23. Nf1 Qe7 24.
Nh2 Rag8 25. Rg1 c6 26. c4 Bd4 27. Qe2 cxd5 28. cxd5 Bc5 29. Bg4 Nxg4 30. Nxg4 Rxg4 31.
b4 Bd4 32. Rac1 Qh4 33. Rgf1 Rxg2 34. Qf3 R2g3 0-1

[Event "*** Titled Tuesday Blitz"]
[Site "Chess.com"]
[Date "2020.10.27"]
[Round "1"]
[White "djano"]
[Black "Casper_Schoppen"]
[Result "0-1"]
[WhiteElo "2476"]
[BlackElo "2950"]
[TimeControl "180+1"]
[EndTime "10:06:46 PDT"]
[Termination "Casper_Schoppen won on time"]

1. d4 Nf6 2. Nf3 e6 3. Bf4 c5 4.
e3 b6 5. Nbd2 Bb7 6. Nc4 d5 7.
Nce5 Nbd7 8. Bb5 a6 9. Bd3 c4 10. Be2 b5 11. O-O Nxe5 12. Nxe5 Bd6 13. Bg5 Qc7 14.
f4 Ne4 15. Bh4 f6 16. Nf3 O-O 17. Nd2 c3 18. Nxe4 dxe4 19. b3 Bd5 20. g4 b4 21.
Qe1 a5 22. g5 f5 23. Qg3 a4 24.
Rac1 axb3 25. axb3 Ra2 26. Kf2 Rfa8 27. Rg1 Qb7 28. Rg2 Rb2 29. Kg1 Raa2 30. Bd1 Bxb3 31. g6 h6 32. Bd8 Bd5 33. Re2 b3 34. cxb3 Rxe2 35. Bxe2 Rxe2 36. Rxc3 Qa8 0-1

[Event "*** Titled Tuesday Blitz"]
[Site "Chess.com"]
[Date "2020.10.27"]
[Round "1"]
[White "MomchilPetkov"]
[Black "Marina_Chess_Rus"]
[Result "1-0"]
[WhiteElo "2629"]
[BlackElo "2287"]
[TimeControl "180+1"]
[EndTime "10:06:47 PDT"]
[Termination "MomchilPetkov won on time"]

1. Nf3 d5 2. d4 Nf6 3. Bf4 c5 4. e3 Nc6 5. Nbd2 Bg4 6. c3 e6 7. Qb3 Qb6 8. Ne5 c4 9. Qc2 Bf5 10. Qc1 Be7 11. Be2 O-O 12. g4 Nxe5 13. dxe5 Nxg4 14.
Rg1 h5 15. h3 Nxf2 16. Kxf2 Bh4+ 17. Kg2 g5 18. Kh2 Qd8 19. Bxg5 Bxg5 20. Nf3 Bg6 21.
Rxg5 Kh7 22. Qg1 Qe7 23. Qg3 Rg8 24. Qh4 Rae8 25. Rag1 1-0

[Event "*** Titled Tuesday Blitz"]
[Site "Chess.com"]
[Date "2020.10.27"]
[Round "1"]
[White "RamyresCoelho"]
[Black "LawrenceTrent"]
[Result "1/2-1/2"]
[WhiteElo "2087"]
[BlackElo "2515"]
[TimeControl "180+1"]
[EndTime "10:06:49 PDT"]
[Termination "Game drawn by repetition"]

1. e4 c6 2. d4 d5 3. Nc3 b5 4. a3 a6 5. Nf3 Bg4 6. Be2 e6 7. Ne5 Bxe2 8. Qxe2 Nf6 9. exd5 cxd5 10. O-O Nbd7 11.
f4 Be7 12. Nc6 Qb6 13. Nxe7 Kxe7 14. Be3 Rhe8 15. g4 Rac8 16. g5 Ne4 17. Nxe4 dxe4 18. d5 Qd6 19. dxe6 Qxe6 20. f5 Qc4 21. Qg4 Ne5 22.
f6+ Kf8 23. Qh5 Kg8 24. fxg7 Qxc2 25. g6 fxg6 26. Rf8+ Rxf8 27. gxf8=Q+ Rxf8 28. Qxe5 Qe2 29. Qe6+ Rf7 30. Bd4 e3 31. Qe8+ Rf8 32. Qe6+ Rf7 33. Qe8+ Rf8 34. Qe6+ Rf7 1/2-1/2

[Event "*** Titled Tuesday Blitz"]
[Site "Chess.com"]
[Date "2020.10.27"]
[Round "1"]
[White "Inga83"]
[Black "TimofeevAr"]
[Result "0-1"]
[WhiteElo "2405"]
[BlackElo "2773"]
[TimeControl "180+1"]
[EndTime "10:06:50 PDT"]
[Termination "TimofeevAr won by resignation"]

1. d4 d5 2. c4 dxc4 3. e3 Nf6 4. Bxc4 e6 5. Nf3 a6 6. a4 b6 7. O-O Bb7 8. Nc3 c5 9. d5 Nxd5 10. Ne5 Be7 11. Qh5 O-O 12. Rd1 Qc7 13. Nxd5 exd5 14. Bxd5 Bxd5 15. Rxd5 Nc6 16. Nxc6 Qxc6 17. Bd2 Rfd8 18.
Rxd8+ Rxd8 19. Bc3 Bf8 20. h4 h6 21. Qg4 b5 22.
axb5 axb5 23. b3 Rd3 24. Be5 Rxb3 25. Rd1 Qe6 26. Qg3 Qg6 27. Qf3 Rb1 28. Kh2 Rxd1 29. Qxd1 Qe6 30. Qa1 b4 31. f4 f6 32. Bb2 Qxe3 33.
Qa2+ b3 34. Qa4 Qd3 35. Qc6 Qf5 36. Qc7 h5 37. Bc3 Kh7 38. Qf7 Qxf4+ 39. Kg1 Qe3+ 40. Kh1 Qc1+ 41. Kh2 Qxc3 42. Qxf8 Qe5+ 43. Kh3 b2 44. Qf7 Qf5+ 0-1

[Event "*** Titled Tuesday Blitz"]
[Site "Chess.com"]
[Date "2020.10.27"]
[Round "1"]
[White "ChessQueen"]
[Black "GMaka"]
[Result "1-0"]
[WhiteElo "2728"]
[BlackElo "2368"]
[TimeControl "180+1"]
[EndTime "10:06:51 PDT"]
[Termination "ChessQueen won on time"]

1. e4 c6 2. c4 d5 3. cxd5 cxd5 4. exd5 Nf6 5. Nc3 g6 6. Bc4 Bg7 7. Nf3 O-O 8. O-O Bg4 9. h3 Bxf3 10. Qxf3 Nbd7 11.
d3 Rc8 12. Re1 Nb6 13. Bb3 Ne8 14. Bg5 Bf6 15. Bxf6 exf6 16. Qf4 Kg7 17. Re3 Nd6 18. Rae1 Rc7 19. Rf3 Rd7 20. Ne4 Nf5 21. Nc3 Nd6 22. h4 f5 23. h5 Qf6 24. h6+ Kg8 25. Rfe3 g5 26. Qh2 f4 27. Re5 Kh8 28. Qh5 Rg8 29.
d4 Qg6 30. Qh3 f6 31. Re6 Nf5 32. Bc2 g4 33. Qd3 g3 34. fxg3 Qxg3 35. Qxg3 Nxg3 36. Re7 f5 37. Re8 Rd8 38. Rxd8 Rxd8 39. Kf2 Kg8 40.
Kf3 Kh8 41. Kxf4 Nh5+ 42. Kg5 1-0